 Dungeon Crawl Stone Soup version 0.30-a0-52-g86a8295270 (webtiles) character file.

Game seed: 1662635726204493049

1380 biggindude the Spear-Bearer (level 8, -3/66 (70) HPs)
             Began as a Minotaur Berserker on Sept 6, 2022.
             Was a Priest of Trog.
             Slain by Maggie
             ... wielding a +2 war axe of draining
              (5 damage)
             ... on level 6 of the Dungeon.
             The game lasted 00:15:45 (6767 turns).

biggindude the Spear-Bearer (Minotaur Berserker)    Turns: 6767, Time: 00:15:46

HP:   -3/66 (70)    AC:  7    Str: 24    XL:     8   Next: 39%
MP:   7/7           EV: 12    Int:  4    God:    Trog [***...]
Gold: 195           SH:  0    Dex: 10    Spells: 7/7 levels left

rFire   . . .      SeeInvis .    a - +0 spear
rCold   . . .      Faith    .    (no shield)
rNeg    . . .      Spirit   .    v - +0 ring mail
rPois   .          Reflect  .    (helmet restricted)
rElec   .          Harm     .    e - +0 cloak
rCorr   .          Rampage  .    (no gloves)
Will    .....                    (no boots)
Stlth   +.........               (no amulet)
HPRegen 0.21/turn                (no ring)
MPRegen 0.10/turn                (no ring)

@: drained
A: horns 2, retaliatory headbutt
a: Renounce Religion, Berserk, Trog's Hand


You were on level 6 of the Dungeon.
You worshipped Trog.
Trog was most pleased with you.
You visited 2 branches of the dungeon, and saw 7 of its levels.

You collected 195 gold pieces.

Inventory:

Hand Weapons
 a - a +0 spear (weapon)
 u - a +0 halberd
 w - a +0 trident
Armour
 e - a +0 cloak (worn)
 s - a +0 leather armour
 v - a +0 ring mail (worn)
Wands
 r - a wand of charming (12)
Scrolls
 b - 2 scrolls of fear {unknown}
 g - a scroll of blinking {unknown}
 h - 6 scrolls of identify
 i - 2 scrolls of fog
 j - a scroll of brand weapon {unknown}
 k - 3 scrolls of magic mapping
 l - a scroll of poison
 y - a scroll of acquirement {unknown}
 A - a scroll of enchant armour {unknown}
Potions
 d - 4 potions of flight
 f - 4 potions of curing
 m - a potion of brilliance
 n - 2 potions of resistance {unknown}
 o - 2 potions of degeneration {unknown}
 p - a potion of berserk rage {unknown}
 t - a potion of attraction {unknown}
 x - a potion of mutation {unknown}
 z - a potion of invisibility {unknown}


   Skills:
 + Level 6.1 Fighting
 + Level 9.0 Polearms
 + Level 5.4 Armour
 + Level 4.9 Dodging
 + Level 2.4 Stealth


You had 7 spell levels left.
You didn't know any spells.
Your spell library was empty.

Dungeon Overview and Level Annotations

Branches:
Dungeon (6/15)             Temple (1/1) D:5

Altars:
Ashenzari
Elyvilon
Fedhas
Hepliaklqana
Kikubaaqudgha
Makhleb
Nemelex Xobeh
Qazlal
Ru
Sif Muna
Uskayaw
Vehumet
Wu Jian
Xom
Yredelemnul
The Shining One
Ignis

Annotations:
D:6 Maggie


Innate Abilities, Weirdness & Mutations

You have a pair of horns on your head.
You reflexively headbutt those who attack you in melee.


Message History

The adder is heavily wounded.
The adder barely misses you.
You miss the adder.
The adder is heavily wounded.
The adder closely misses you. You furiously retaliate!
You headbutt the adder!
You kill the adder!
Trog accepts your kill.
No target in view!
No target in view!
Maggie the Vainglorious comes into view.
She is wielding a +2 war axe of draining.
Maggie shouts!
Maggie gestures at you while chanting. The bolt of fire hits you!
Press: ? - help, v - describe, . - travel
Here: Maggie, wielding a +2 war axe of draining and wearing +0 swamp dragon scales The floor.
Maggie is nearby!
Maggie hits you with a +2 war axe of draining.
You feel drained.
You hit Maggie but do no damage. You headbutt Maggie!
Maggie is lightly wounded.
Maggie closely misses you.
You hit Maggie but do no damage.
Maggie is lightly wounded.
Maggie hits you with a +2 war axe of draining!
You feel drained.
You hit Maggie but do no damage.
Maggie is lightly wounded.
You hit Maggie but do no damage. Your headbutt misses Maggie.
Maggie is lightly wounded.
Maggie casts a spell at you. The bolt of fire hits you!!!
Ouch! That really hurt!
* * * LOW HITPOINT WARNING * * *
You hit Maggie but do no damage.
Maggie is lightly wounded.
As you read the scroll of summoning, it crumbles to dust.
Wisps of shadow whirl around you...
Maggie hits you with a +2 war axe of draining.
You die...

#..###.....######
########.#######.......
................####...
#.######.............## ..
#@#### ##.......##.....
..##.....###.......##.####
..## #..####.####...# ##..
...# ##@####.# ##.###### #...
#.. #@W....###..##....
.....###.###..s>......)...###
.............Os..............
.......##[..##..........#.###
......##..#....#####.####..#
.........##...## ##..# ##.##
...###..##...# #..## #...
#....###### #.## ###.
######.##.##### #.# ##


You could see Maggie (ally target), a friendly ogre (summoned), a friendly
phantom (summoned) and 2 friendly scorpions.

Vanquished Creatures
  Eustachio (D:5)
  2 black bears
  2 ogres
  A bullfrog (D:5)
  Blork the orc (D:5)
  A scorpion (D:5)
  A howler monkey (D:5)
  5 hounds
  A jelly (D:5)
  2 gnoll boudas (D:5)
  Crazy Yiuf (D:2)
  4 iguanas
  An orc wizard (D:5)
  10 gnolls (D:5)
  4 adders
  A white imp (D:5)
  4 ufetubi
  3 worms
  2 dart slugs
  16 orcs
  5 bats
  8 endoplasms
  A giant cockroach (D:3)
  7 goblins
  8 hobgoblins
  3 jackals (D:1)
  4 quokkas
  2 ball pythons (D:1)
  6 frilled lizards
  11 kobolds
  2 rats (D:1)
120 creatures vanquished.

Notes
Turn   | Place    | Note
-------+----------+-------------------------------------------
     0 | D:1      | biggindude the Minotaur Berserker began the quest for the
                  | Orb.
     0 | D:1      | Reached XP level 1. HP: 19/19 MP: 0/0
   232 | D:1      | Reached skill level 4 in Polearms
   232 | D:1      | Reached XP level 2. HP: 24/27 MP: 1/1
   951 | D:1      | Reached XP level 3. HP: 33/33 MP: 2/2
  1397 | D:2      | Reached ** piety under Trog
  1649 | D:2      | Found a runed translucent door.
  1650 | D:2      | Noticed Crazy Yiuf
  1702 | D:2      | Killed Crazy Yiuf
  1703 | D:2      | Reached XP level 4. HP: 41/41 MP: 3/3
  1990 | D:2      | Found a faded altar of an unknown god.
  2074 | D:3      | Found a sparkling altar of Nemelex Xobeh.
  2153 | D:3      | Reached skill level 1 in Stealth
  2427 | D:3      | Found a radiant altar of Vehumet.
  2581 | D:3      | Found a white marble altar of Elyvilon.
  3042 | D:4      | Reached skill level 5 in Polearms
  3232 | D:4      | Reached XP level 5. HP: 30/47 MP: 4/4
  4113 | D:4      | Reached skill level 6 in Polearms
  4214 | D:5      | Entered Level 5 of the Dungeon
  4227 | D:5      | Reached XP level 6. HP: 55/55 MP: 5/5
  4268 | D:5      | Reached skill level 5 in Fighting
  4324 | D:5      | Found an ornate altar of the Wu Jian Council.
  4953 | D:5      | Noticed Blork the orc
  4963 | D:5      | Killed Blork the orc
  4964 | D:5      | Reached XP level 7. HP: 50/61 MP: 6/6
  4985 | D:5      | Reached *** piety under Trog
  4986 | D:5      | Reached skill level 7 in Polearms
  5861 | D:5      | Noticed Eustachio
  5898 | D:5      | Killed Eustachio
  5899 | D:5      | Reached skill level 8 in Polearms
  5899 | D:5      | Reached XP level 8. HP: 59/70 MP: 7/7
  5969 | D:5      | Found a staircase to the Ecumenical Temple.
  6180 | Temple   | Entered the Ecumenical Temple
  6368 | D:6      | Reached skill level 5 in Armour
  6693 | D:6      | Reached skill level 9 in Polearms
  6755 | D:6      | Noticed Maggie
  6765 | D:6      | HP: 2/66 [Maggie/bolt of fire (36)]
  6767 | D:6      | Slain by Maggie

Illustrated notes

Levels and vault maps discovered:
D:1:      lightli_arrival_isolated_outpost, layout_basic
D:2:      layout_basic, dilly_ecumenical_altar_fadedgnrine,
          uniq_crazy_yiuf_cottage
D:3:      minmay_spotlight, layout_loops_ring, old_standard_altar,
          nemelex_dance_club_becter, overflow_temple_1_default
D:4:      layout_gridville, grunt_ministairs_15
D:5:      layout_loops_cross, overflow_temple_1_default,
          minmay_temple_entry_junction_2, minmay_statues_item, uniq_eustachio,
          uniq_blork_the_orc
D:6:      layout_rooms, uniq_maggie
Temple:   ebering_untended_altars

Skill      XL: |  1  2  3  4  5  6  7  8 |
---------------+-------------------------+-----
Polearms       | 4 5 6 8 9 |  9.0
Fighting       | 4 5 6 |  6.1
Stealth        | 1 2 |  2.4
Dodging        | 3 4 |  4.9
Armour         | 3 4 5 |  5.4

Action                   |  1- 3 |  4- 6 |  7- 9 || total
-------------------------+-------+-------+-------++-------
Melee: Spear             |    99 |   179 |   135 ||   413
       Punch             |     2 |       |       ||     2
       Headbutt          |     5 |    38 |    30 ||    73
       Halberd           |       |     7 |       ||     7
Invok: Berserk           |       |     1 |     2 ||     3
       Trog's Hand       |       |     1 |       ||     1
  Use: Potion            |     4 |       |     1 ||     5
       Scroll            |     1 |     2 |     4 ||     7
 Stab: Sleeping          |     3 |       |       ||     3
Armor: Animal skin       |     9 |    18 |       ||    27
       Leather armour    |       |    13 |       ||    13
       Ring mail         |       |       |    23 ||    23
Dodge: Dodged            |    37 |    97 |    63 ||   197

Table legend: (Time is in decaauts)
 A = Elapsed time spent in this place.
 B = Non-inter-level travel time spent in this place.
 C = Inter-level travel time spent in this place.
 D = Time resting spent in this place.
 E = Time spent auto-exploring this place.
 F = Levels seen in this place.
 G = Mean time per level.
                   A        B        C        D        E       F      G
               +--------+--------+--------+--------+--------+-----+--------+
         Total |   6736 |   6551 |    185 |   1584 |   3848 |   7 |  962.3 |
       Dungeon |   6667 |   6487 |    180 |   1584 |   3800 |   6 | 1111.2 |
        Temple |     68 |     63 |      5 |      0 |     48 |   1 |   68.0 |
               +--------+--------+--------+--------+--------+-----+--------+

Top non-repeatable levels by time:
     D:5: 1842 daAuts
     D:4: 1213 daAuts
     D:3: 1133 daAuts
     D:2: 1038 daAuts
     D:1: 969 daAuts
     D:6: 470 daAuts
  Temple: 68 daAuts
